 Dungeon Crawl Stone Soup version 0.20.1-1-g8b1a95d (webtiles) character file.

93 Jukra the Sneak (level 4, 0/29 HPs)
             Began as an Octopode Assassin on Sept 11, 2017.
             Succumbed to an adder's poison
             ... on level 2 of the Dungeon.
             The game lasted 00:05:33 (1444 turns).

Jukra the Sneak (Octopode Assassin)                 Turns: 1444, Time: 00:05:34

Health: 0/29       AC:  1    Str: 10    XL:     4   Next: 62%
Magic:  4/4        EV: 13    Int: 13    God:
Gold:   91         SH:  0    Dex: 14    Spells: 3/3 levels left

rFire    . . .     SeeInvis .   a - +2 dagger
rCold    . . .     Gourm    .   (no shield)
rNeg     . . .     Faith    .   (helmet restricted)
rPois    .         Spirit   .   p - amulet of rage
rElec    .         Reflect  .   (no ring)
rCorr    .         Harm     .   (no ring)
MR       .....                  (no ring)
Stlth    +++++.....             (no ring)
Regen    0.1/turn               (no ring)
MPRegen  0.1/turn               (no ring)
                                (no ring)
                                (no ring)

@: lethally poisoned (0 -> -3)
A: almost no armour, stealthy swim, amphibious, 8 rings, constrict 8, camouflage
1, gelatinous body 1
a: Evoke Berserk Rage


You were on level 2 of the Dungeon.
You were hungry.

You visited 1 branch of the dungeon, and saw 2 of its levels.

You collected 91 gold pieces.

Inventory:

Hand Weapons
 a - a +2 dagger (weapon)
 b - a +0 blowgun
Missiles
 c - 8 poisoned needles
 d - 2 curare-tipped needles
Jewellery
 p - an amulet of rage (around mantle)
Scrolls
 g - a scroll of teleportation {unknown}
 h - a scroll of identify {unknown}
 i - a scroll of fog {unknown}
 k - a scroll of recharging {unknown}
 n - 2 scrolls of enchant armour {unknown}
Potions
 e - a potion of ambrosia {unknown}
 j - a potion of degeneration {unknown}
 l - a potion of agility {unknown}
 m - a potion of heal wounds {unknown}
 o - a potion of might {unknown}
 r - a potion of resistance {unknown}
Comestibles
 f - 2 bread rations


   Skills:
 + Level 2.2 Fighting
 + Level 2.7 Short Blades
 + Level 2.2 Throwing
 + Level 1.1 Dodging
 + Level 7.2 Stealth


You had 3 spell levels left.
You didn't know any spells.

Dungeon Overview and Level Annotations

Branches:
Dungeon (2/15)

Altars:


Innate Abilities, Weirdness & Mutations

You cannot wear most types of armour.
You are very stealthy in the water. (Stealth+)
You are amphibious.
You can wear up to eight rings at the same time.
You can use your tentacles to constrict eight enemies at once.
Your skin changes colour to match your surroundings (Stealth+).
Your rubbery body absorbs attacks. (AC +1, EV +1)


Message History

You constrict the gnoll. The gnoll closely misses you.
You hit the gnoll. You squeeze the gnoll.
You kill the gnoll!
Your Stealth skill increases to level 7!
You hit the gnoll but do no damage. You grab the gnoll. You squeeze the gnoll.
The gnoll is heavily wounded.
You constrict the gnoll, but do no damage.
You feel sick. The gnoll barely misses you.
You hit the gnoll. You squeeze the gnoll.
The gnoll is almost dead.
You constrict the gnoll, but do no damage.
You hit the gnoll.
You kill the gnoll!
You barely miss the gnoll. You grab the gnoll. You constrict the gnoll.
The gnoll hits you with a whip.
* * * LOW HITPOINT WARNING * * *
You hit the gnoll.
The gnoll is heavily wounded.
You constrict the gnoll, but do no damage.
You die...

#.##.####.. #.##.## #.#
#.....# #.# ####..# #.#
#..# #.# ####..###.# ##.
#..........
#....#########.....###..
.....gg@.............'..
#....#########.....###..
##. #.#.#.# #..
#.###.###.# #.........#
#####.##### #.......
#....†.. #.......


You could see 2 gnolls.

Vanquished Creatures
  2 gnolls (D:2)
  3 adders (D:2)
  A worm (D:2)
  A dart slug (D:1)
  2 leopard geckos (D:1)
  4 bats
  3 giant cockroaches (D:2)
  4 goblins
  5 hobgoblins
  7 kobolds
  A quokka (D:2)
  4 frilled lizards
  4 rats (D:1)
41 creatures vanquished.

Notes
Turn   | Place    | Note
-------+----------+-------------------------------------------
     0 | D:1      | Jukra the Octopode Assassin began the quest for the Orb.
     0 | D:1      | Reached XP level 1. HP: 14/14 MP: 1/1
   174 | D:1      | Reached XP level 2. HP: 16/19 MP: 2/2
   461 | D:1      | Reached skill level 6 in Stealth
   491 | D:1      | Reached XP level 3. HP: 24/24 MP: 3/3
  1235 | D:2      | Reached XP level 4. HP: 22/29 MP: 4/4
  1439 | D:2      | Reached skill level 7 in Stealth
  1443 | D:2      | HP: 1/29 [gnoll/whip (4)]
  1444 | D:2      | Succumbed to an adder's poison

Skill      XL: |  1  2  3  4 |
---------------+-------------+-----
Stealth        | 6 7 |  7.2
Fighting       | |  2.2
Short Blades   | |  2.7
Throwing       | |  2.2
Dodging        | |  1.1

Action                   |  1- 3 |  4- 6 || total
-------------------------+-------+-------++-------
Melee: Dagger            |    47 |    23 ||    70
       Constrict         |    11 |     7 ||    18
       Tentacles         |     9 |     6 ||    15
 Fire: Blowgun           |    12 |       ||    12
  Use: Scroll            |       |     1 ||     1
 Stab: Sleeping          |    16 |     1 ||    17
  Eat: Chunk             |       |     1 ||     1
Armor: Skin              |     2 |     1 ||     3
Dodge: Dodged            |    12 |    15 ||    27
